 Dungeon Crawl Stone Soup version 0.29.1-15-g9cfb28693d (webtiles) character file.

Game seed: 4614106696375039698

137 Silvore the Covered (level 5, -16/69 HPs)
             Began as a Minotaur Fighter on May 2, 2023.
             Demolished by an ogre
             ... wielding a +0 giant club
              (20 damage)
             ... on level 3 of the Dungeon.
             The game lasted 00:03:11 (2386 turns).

Silvore the Covered (Minotaur Fighter)              Turns: 2386, Time: 00:03:11

Health: -16/69     AC: 22    Str: 20 (23) XL:     5   Next: 0%
Magic:  4/4        EV:  2    Int:  3 (5)  God:
Gold:   53         SH:  4    Dex:  6 (9)  Spells: 4/4 levels left

rFire   . . .      SeeInvis .   a - +0 long sword
rCold   . . .      Faith    .   c - +0 buckler
rNeg    . . .      Spirit   .   (body armour currently unavailable)
rPois   +          Reflect  .   (helmet currently unavailable)
rElec   .          Harm     .   (cloak currently unavailable)
rCorr   .          Rampage  .   (gloves currently unavailable)
Will    .....      NoTele   +   (boots currently unavailable)
Stlth   +.........              (no amulet)
HPRegen 0.21/turn               (no ring)
MPRegen 0.09/turn               (no ring)

@: brilliant, tree-form
A: stationary, stasis, torment immunity, boosted hp, (horns 2), (retaliatory
headbutt)
a: no special abilities


You were on level 3 of the Dungeon.
You were a tree.
You visited 1 branch of the dungeon, and saw 3 of its levels.

You collected 53 gold pieces.

Inventory:

Hand Weapons
 a - a +0 long sword (weapon)
Armour
 b - a +0 scale mail
 c - a +0 buckler (worn)
 k - a +0 chain mail (melded)
Jewellery
 f - a +4 ring of protection
Scrolls
 l - a scroll of summoning
Potions
 g - 2 potions of magic
 j - a potion of brilliance


   Skills:
 + Level 4.1 Fighting
 + Level 4.3 Long Blades
 + Level 4.5 Armour
 + Level 1.0 Dodging
 + Level 0.1 Stealth
 + Level 4.4 Shields


You had 4 spell levels left.
You didn't know any spells.
Your spell library was empty.

Dungeon Overview and Level Annotations

Branches:
Dungeon (3/15)

Altars:
Ashenzari
The Shining One


Innate Abilities, Weirdness & Mutations

You are a tree.
Your roots penetrate the ground, keeping you stationary.
You cannot be teleported.
You are immune to unholy pain and torment.
Your maximum health is greatly increased.
Your equipment is partially melded.
((You have a pair of horns on your head.))
((You reflexively headbutt those who attack you in melee.))


Message History

You hit the ogre but do no damage.
The ogre is lightly wounded.
You slash the ogre!
The ogre is moderately wounded.
The ogre completely misses you.
You barely miss the ogre.
The ogre is moderately wounded.
The ogre hits you with a +0 giant club!
You hit the ogre.
The ogre is heavily wounded.
The ogre hits you with a +0 giant club!
You hit the ogre but do no damage.
The ogre is heavily wounded.
The ogre hits you but does no damage.
You hit the ogre.
The ogre is heavily wounded.
The ogre hits you with a +0 giant club!
* * * LOW HITPOINT WARNING * * *
It was a potion of brilliance.
You feel clever all of a sudden.
You slash the ogre!
The ogre is almost dead.
You block the ogre's attack.
It was a potion of degeneration.
There was something very wrong with that liquid.
You feel weakened.
You feel dopey.
You feel clumsy. The ogre hits you with a +0 giant club!
* * * LOW HITPOINT WARNING * * *
Unknown command.
It was a potion of flight.
Your roots keep you in place.
It was a potion of curing.
You feel better. The ogre hits you but does no damage.
You cannot move.
You cannot move.
The ogre hits you with a +0 giant club!
* * * LOW HITPOINT WARNING * * *
You hit the ogre.
The ogre is almost dead.
The ogre hits you with a +0 giant club!!
You die...

........# ##....##
#######.# #....##
##.##### ##..##
#<.....###...#
#..######...## #..#
##..# ######..# #..##
.......## #.O.##
######.# ##.♣.8##### #.#
#.....#...# #.#
#......._.# #.#
#.....#...#
######.#######....8#####
#...........###...##
........######....#
#.####..# ##..## #.#
#..######...##


You could see an ogre.

Vanquished Creatures
  Robin (D:3)
  6 adders
  2 dart slugs
  An orc (D:3)
  4 ball pythons
  3 endoplasms
  3 giant cockroaches (D:1)
  5 hobgoblins
  8 jackals
  2 quokkas
  3 bats
  A frilled lizard (D:1)
  13 goblins
  8 kobolds
  4 rats
64 creatures vanquished.

Notes
Turn   | Place    | Note
-------+----------+-------------------------------------------
     0 | D:1      | Silvore the Minotaur Fighter began the quest for the Orb.
     0 | D:1      | Reached XP level 1. HP: 19/19 MP: 0/0
    16 | D:1      | Found a faded altar of an unknown god.
    47 | D:1      | Reached XP level 2. HP: 17/27 MP: 1/1
   671 | D:1      | Reached XP level 3. HP: 32/33 MP: 2/2
  1618 | D:3      | Found a glowing golden altar of the Shining One.
  1630 | D:3      | Reached XP level 4. HP: 32/40 MP: 3/3
  1835 | D:3      | Reached skill level 1 in Dodging
  2113 | D:3      | Found a broken altar of Ashenzari.
  2223 | D:3      | Noticed Robin
  2235 | D:3      | Killed Robin
  2239 | D:3      | Reached XP level 5. HP: 21/46 MP: 4/4
  2347 | D:3      | Noticed an ogre
  2382 | D:3      | HP: 3/69 [ogre/+0 giant club (7)]
  2386 | D:3      | Demolished by an ogre

Illustrated notes

Levels and vault maps discovered:
D:1:      nicolae_arrival_memento_mori, layout_loops_ring,
          hellmonk_ecumenical_altar_arch_garden, corexii_item_surrounded_by_moat
D:2:      layout_rooms
D:3:      layout_loops_ring, mainiacjoe_overflow_alcove_1,
          nicolae_tso_carved_into_rock, amcnicky_altar_gilded,
          amcnicky_mini_pool_small, amethyst_killhole, minmay_between,
          uniq_robin, uniq_jessica

Skill      XL: |  1  2  3  4 |
---------------+-------------+-----
Shields        | 4 |  4.4
Long Blades    | 3 4 |  4.3
Armour         | 4 |  4.5
Fighting       | 4 |  4.1
Dodging        | 1 |  1.0
Stealth        | |  0.1

Action                   |  1- 3 |  4- 6 || total
-------------------------+-------+-------++-------
Melee: Long sword        |   110 |    64 ||   174
       Headbutt          |    14 |     5 ||    19
  Use: Scroll            |     3 |     1 ||     4
       Potion            |       |     6 ||     6
Armor: Scale mail        |    63 |       ||    63
       Chain mail        |     8 |    77 ||    85
       Skin              |       |     3 ||     3
Dodge: Dodged            |    69 |    43 ||   112
Block: Buckler           |    32 |    25 ||    57
